 Dungeon Crawl Stone Soup version 0.17.0-24-gcfadda4 (console) character file.

163 Kloppie the Caller (level 5, -23/31 HPs)
             Began as a Gargoyle Summoner on Nov 17, 2015.
             Annihilated by an ogre
             ... wielding a +0 giant spiked club
              (27 damage)
             ... on level 4 of the Dungeon.
             The game lasted 00:10:10 (4134 turns).

Kloppie the Caller (Gargoyle Summoner)              Turns: 4134, Time: 00:10:10

Health: -23/31     AC: 13    Str: 11    XL:     5   Next: 44%
Magic:  3/8        EV: 12    Int: 17    God:
Gold:   125        SH:  0    Dex: 10    Spells: 3 memorised, 2 levels left

rFire  . . .     SeeInvis .     x - +0 flail
rCold  . . .     Clarity  .     a - +0 robe
rNeg   + . .     SustAt   .     (no shield)
rPois  ∞         Gourm    .     (no helmet)
rElec  +         Spirit   .     (no cloak)
rCorr  .         Warding  .     (no gloves)
rMut   .         Stasis   .     (no boots)
MR     .....                    (no amulet)
Stlth  ++........               s - +4 ring of protection
                                q - +3 ring of protection

@: very slightly contaminated, not resistant to hostile enchantments, unstealthy
A: negative energy resistance 1, electricity resistance, unbreathing,
petrification resistance, rot immunity, AC +4
a: no special abilities


You were on level 4 of the Dungeon.
You were hungry.

You visited 1 branch of the dungeon, and saw 4 of its levels.

You collected 125 gold pieces.

Inventory:

Hand Weapons
 t - a +0 mace
 x - a +0 flail (weapon)
Missiles
 k - 41 poisoned needles
Armour
 a - a +0 robe (worn)
Jewellery
 e - a +4 ring of evasion {unknown}
 q - a +3 ring of protection (left hand)
 s - a +4 ring of protection (right hand)
Scrolls
 d - a scroll of enchant armour {unknown}
 h - 5 scrolls of teleportation {unknown}
 n - a scroll of remove curse {unknown}
 o - a scroll of noise {unknown}
 p - 3 scrolls of identify {unknown}
 r - a scroll of fog {unknown}
 u - 2 scrolls of fear {unknown}
 y - a scroll of amnesia {unknown}
 z - a scroll of magic mapping {unknown}
Potions
 f - a potion of heal wounds {unknown}
 g - 3 potions of might {unknown}
 i - 2 potions of curing {unknown}
 j - 2 potions of flight {unknown}
 l - 2 potions of cure mutation {unknown}
 v - a potion of berserk rage {unknown}
Books
 b - a book of Callings

   Spells                             Type                      Level
   a - Summon Small Mammal            Summoning                    1
   b - Call Imp                       Summoning                    2
   c - Call Canine Familiar           Summoning                    3
   d - Summon Guardian Golem          Hexes/Summoning              3
   e - Summon Lightning Spire         Summoning/Air                4
   f - Summon Ice Beast               Ice/Summoning                4
 w - a book of Spatial Translocations

   Spells                             Type                      Level
   a - Apportation                    Translocation                1
   b - Blink                          Translocation                2
   c - Shroud of Golubria             Charms/Translocation         2
   d - Portal Projectile              Translocation                3
   e - Teleport Other                 Translocation                3
   f - Passage of Golubria            Translocation                4
Comestibles
 c - 2 bread rations
 m - a slice of pizza
 A - 10 chunks of flesh


   Skills:
 - Level 2.5 Fighting
 + Level 1.7 Maces & Flails
 - Level 1.5 Dodging
 - Level 2.1 Stealth
 - Level 2.0 Spellcasting
 + Level 1.4 Hexes
 + Level 4.7 Summonings


You had 2 spell levels left.
You knew the following spells:

 Your Spells              Type           Power        Failure   Level  Hunger
a - Summon Small Mammal   Summ           ###.         2%          1    #......
b - Call Imp              Summ           ###.....     4%          2    ###....
c - Summon Guardian Gole  Hex/Summ       ##......     17%         3    ###....


Dungeon Overview and Level Annotations

Branches:
Dungeon (4/15)
 Temple: D:4-7

Altars:
Ashenzari
Makhleb
Okawaru
Vehumet
Zin

Annotations:
D:4 exclusion: ogre


Innate Abilities, Weirdness & Mutations

You are resistant to torment.
Your stone body is resilient (AC +4).
You are immune to poison.
You resist negative energy.
You are resistant to electric shocks.
You can survive without breathing.
You are immune to petrification.
You are immune to rotting.


Message History

You hit the ogre.
The ogre is severely wounded.
The quokka misses you.
Your crimson imp hits the ogre.
Your crimson imp closely misses the ogre.
The ogre misses your crimson imp. The quokka misses you.
Your crimson imp hits the ogre.
Your crimson imp barely misses the ogre.
You hit the ogre.
The ogre is almost dead.
The ogre hits you with a giant spiked club!
* * * LOW HITPOINT WARNING * * *
The quokka bites you but does no damage.
Your crimson imp blinks!
Your crimson imp hits the ogre but does no damage.
You closely miss the ogre.
The ogre is almost dead.
The quokka bites you but does no damage.
The ogre hits you with a giant spiked club!!
Ouch! That really hurt!
You die...

....#....# #.#
#.....#....###
#.#
#............#
#.#
#............#
#.#
#.........5..#
#.#
#............#
#.#
#.......5....###
#..
.......§O[.....#
#..
##+###..r@......#
#..
#...............#
#..
#......####.#####
#..
#......##......#
#..
#......##......#
#..
#......##......#
#..
#..............#
#..
#..............#
#..
####.##........#
#..


You could see an ogre, a quokka and 2 friendly crimson imps.

Vanquished Creatures
  4 adders
  2 worms (D:3)
  2 giant geckos (D:2)
  3 orcs
  3 bats (D:3)
  2 giant cockroaches (D:3)
  8 goblins
  3 hobgoblins
  A ball python (D:2)
  2 giant newts (D:3)
  9 jackals
  6 kobolds (D:3)
  7 rats
52 creatures vanquished.

Vanquished Creatures (collateral kills)
  An orc priest (D:4)
  Jessica (D:3)
  An adder (D:1)
  2 worms (D:2)
  2 orcs (D:4)
  2 giant cockroaches (D:1)
  A hobgoblin (D:3)
  3 jackals (D:1)
  10 bats
  5 giant newts
  2 goblins (D:1)
  3 rats
33 creatures vanquished.

Grand Total: 85 creatures vanquished

Notes
Turn   | Place    | Note
--------------------------------------------------------------
     0 | D:1      | Kloppie the Gargoyle Summoner began the quest for the Orb.
     0 | D:1      | Reached XP level 1. HP: 10/10 MP: 3/3
   709 | D:1      | Reached XP level 2. HP: 16/16 MP: 1/5
   763 | D:1      | Reached skill level 1 in Fighting
  1414 | D:1      | Learned a level 2 spell: Call Imp
  1446 | D:1      | Reached skill level 4 in Summonings
  1446 | D:1      | Reached XP level 3. HP: 1/21 MP: 1/6
  2069 | D:2      | Learned a level 3 spell: Summon Guardian Golem
  2075 | D:2      | Found a glowing silver altar of Zin.
  2105 | D:2      | Found a radiant altar of Vehumet.
  2174 | D:2      | Found an iron altar of Okawaru.
  2322 | D:2      | Found a shattered altar of Ashenzari.
  2429 | D:3      | Reached XP level 4. HP: 24/27 MP: 7/7
  2851 | D:3      | Noticed Jessica
  2868 | D:3      | Killed Jessica
  2868 | D:3      | Reached skill level 1 in Maces & Flails
  2958 | D:3      | Reached skill level 1 in Hexes
  3148 | D:3      | Found a burning altar of Makhleb.
  3182 | D:3      | Reached XP level 5. HP: 31/31 MP: 8/8
  3641 | D:4      | Noticed an ogre
  4134 | D:4      | Annihilated by an ogre

Action                   |  1- 3 |  4- 6 || total
-------------------------+-------+-------++-------
Melee: Unarmed           |    46 |       ||    46
       Club              |    88 |       ||    88
       Mace              |    22 |   117 ||   139
       Flail             |       |    76 ||    76
 Cast: Summon Small Mamm |    39 |       ||    39
       Call Imp          |     2 |     8 ||    10
       Summon Guardian G |       |     2 ||     2
 Stab: Sleeping          |     1 |     2 ||     3
  Eat: Chunk             |     6 |     6 ||    12
